 Dungeon Crawl Stone Soup version 0.29-a0-371-g91724d5b39 (webtiles) character file.

Game seed: 2020241478857202025

28 spaghetti the Sneak (level 3, 28/28 HPs)
             Began as a Barachi Brigand on May 2, 2022.
             Quit the game on level 2 of the Dungeon.
             The game lasted 00:01:50 (1761 turns).

spaghetti the Sneak (Barachi Brigand)               Turns: 1761, Time: 00:01:51

Health: 28/28      AC:  4    Str: 12    XL:     3   Next: 14%
Magic:  3/3        EV: 12    Int: 11    God:
Gold:   35         SH:  0    Dex: 15    Spells: 2/2 levels left

rFire   . . .      SeeInvis .   a - +2 dagger {short}
rCold   . . .      Faith    .   (no shield)
rNeg    . . .      Spirit   .   b - +0 robe
rPois   .          Reflect  .   i - +0 helmet
rElec   .          Harm     .   c - +0 cloak
rCorr   .          Rampage  .   (no gloves)
Will    .....                   (no boots)
Stlth   +++.......              (no amulet)
HPRegen 0.09/turn               (no ring)
MPRegen 0.08/turn               (no ring)

@: slow
A: amphibious, slowness 1, strong legs 1, +LOS
a: Hop


You were on level 2 of the Dungeon.
You visited 1 branch of the dungeon, and saw 2 of its levels.

You collected 35 gold pieces.


Innate Abilities, Weirdness & Mutations

You are amphibious.
You cover ground slowly.
You can hop short distances.
You have an extended range of vision and can be seen from far away.


   Skills:
 - Level 2.4 Fighting
 - Level 2.1 Short Blades
 - Level 2.0 Throwing
 - Level 1.1 Dodging
 + Level 4.7 Stealth


You had 2 spell levels left.
You didn't know any spells.
Your spell library was empty.

Inventory:

Hand Weapons
 a - a +2 dagger (weapon) {short}
Missiles
 d - 9 poisoned darts (quivered) {throwing}
 e - 3 curare-tipped darts {=fthrowing}
 h - a throwing net {=f!fthrowing}
 k - 7 javelins {throwing}
 l - 3 stones {throwing}
Armour
 b - a +0 robe (worn)
 c - a +0 cloak (worn)
 i - a +0 helmet (worn)
   (You found it on level 1 of the Dungeon)
Scrolls
 j - 2 scrolls of magic mapping {unknown}
 m - a scroll of identify {unknown}
Potions
 f - a potion of mutation {unknown}
 n - a potion of might {unknown}

Dungeon Overview and Level Annotations

Branches:
Dungeon (2/15)

Altars:

### #######
....#.....##
...........##
............#####
.........@..#...##
........)........##
..............<...#
...........[......#
..................#
.................##
..................#
...##..####.......#
.. #.# #.......#


There were no monsters in sight!


Message History

😮 HP[+2] MP[+1]
You now have 28 max hp (+5).
You regained 2 hp, and now have 15/28 hp.
Your mp is fully restored (3).
You hit the giant cockroach.
The ball python bites you but does no damage.
The ball python constricts you. The goblin closely misses you.
The giant cockroach closely misses you.
You barely miss the giant cockroach. The ball python bites you.
The ball python constricts you. The giant cockroach barely misses you.
The goblin hits you but does no damage.
You closely miss the giant cockroach. The ball python misses you.
The ball python constricts you. The giant cockroach closely misses you.
The goblin hits you with a +0 dagger.
* * * LOW HITPOINT WARNING * * *
😨 HP[-2]
You take 2 damage, and now have 13/28 hp.
You barely miss the giant cockroach. The ball python barely misses you.
The ball python constricts you.
The giant cockroach bites you but does no damage.
The goblin hits you with a +0 dagger.
* * * LOW HITPOINT WARNING * * *
😨 HP[-3]
You take 3 damage, and now have 10/28 hp.
You closely miss the giant cockroach. The ball python bites you.
* * * LOW HITPOINT WARNING * * *
The ball python constricts you.
The giant cockroach bites you but does no damage. 😨 HP[-2]
You take 2 damage, and now have 8/28 hp.
You hit the giant cockroach but do no damage.
The ball python barely misses you. The ball python constricts you.
The goblin barely misses you. The giant cockroach bites you.
* * * LOW HITPOINT WARNING * * *
The ball python misses you.
The ball python constricts you. 😱 HP[-1]
You take 1 damage, and now have 7/28 hp.
Hop to where?
Press: ? - help, Dir - move target You escape the ball python's grasp.
Boing!
The goblin unwields a +0 dagger.
The goblin wields a +0 hunting sling.
The goblin shoots a sling bullet.
The sling bullet hits you.
* * * LOW HITPOINT WARNING * * *
😱 HP[-3]
You take 3 damage, and now have 4/28 hp.
You aren't carrying any items that you can evoke.
It was a potion of berserk rage.
A red film seems to cover your vision as you go berserk!
You feel yourself moving faster!
You feel mighty! 😱 HP[+2]
You now have 42 max hp (+14).
You regained 2 hp, and now have 6/42 hp.
You feel a strong urge to attack something.
The giant cockroach closely misses you.
You hit the giant cockroach.
You kill the giant cockroach!
You barely miss the ball python. The ball python completely misses you.
The ball python barely misses you. 😱 HP[+1]
You puncture the ball python!
You kill the ball python!
The goblin unwields a +0 hunting sling.
The goblin wields a +0 dagger.
The goblin barely misses you.
You puncture the goblin!
You kill the goblin!
You start resting.
You feel a strong urge to attack something.
Unknown command.
Unknown command.
You start resting.
You are no longer berserk.
You are exhausted.
You feel yourself slow down. 😱 HP[-2]
You now have 28 max hp (-14).
Unknown command.
You start resting.
You are ready to hop once more. 😱 HP[+1]
You start resting.
You feel yourself speed up. 😨 HP[+3]
You regained 3 hp, and now have 9/28 hp.
You start resting.
You recover from your berserk rage. 😨 HP[+1]
You start resting. 😎 HP[+18]
Your hp is fully restored (28). 🤖 Initializing magus.rc ...
Options error: Delay interrupt name "hungry" not recognised. (~/.crawlrc:4761) Options error: Bad monster_list_colour key: strict_neutral (~/.crawlrc:4776) Bad channel name for runrest: 'pray:' ✅ Successfully initialized magus.rc [v1.9.6] Welcome back, spaghetti the Barachi Brigand.
Press ? for a list of commands and other information.
Are you sure you want to abandon this character and quit the game? (Confirm with "yes".)
Okay, then.
Unknown command.
Are you sure you want to abandon this character and quit the game? (Confirm with "yes".)

Skill      XL: |  1 |
---------------+----+-----
Stealth        | 4 |  4.7
Fighting       | |  2.4
Short Blades   | |  2.1
Throwing       | |  2.0
Dodging        | |  1.1

Action                   || total
-------------------------++-------
Melee: Dagger            ||    79
       Punch             ||     1
 Abil: Hop               ||     1
  Use: Potion            ||     1
 Stab: Sleeping          ||     6
Armor: Robe              ||    28
Dodge: Dodged            ||    60

Levels and vault maps discovered:
D:1:      evilmike_arrival_crescent, layout_basic, minivault_4
D:2:      layout_rooms

Notes
Turn   | Place    | Note
-------+----------+-------------------------------------------
     0 | D:1      | spaghetti the Barachi Brigand began the quest for the Orb.
     0 | D:1      | Reached XP level 1. HP: 17/17 MP: 1/1
     0 | D:1      | magus.rc [v1.9.6]
   139 | D:1      | Reached skill level 4 in Stealth
   140 | D:1      | HP: 4/17 [quokka (1)]
   144 | D:1      | HP: 1/17 [quokka (3)]
   149 | D:1      | Reached XP level 2. HP: 2/23 MP: 2/2
  1505 | D:2      | Reached XP level 3. HP: 15/28 MP: 3/3
  1510 | D:2      | HP: 7/28 [giant cockroach (1)]
  1761 | D:2      | magus.rc [v1.9.6]
  1761 | D:2      | Quit the game

Vanquished Creatures
  An endoplasm (D:1)
  A giant cockroach (D:2)
  A goblin (D:2)
  A hobgoblin (D:1)
  3 jackals (D:1)
  5 kobolds
  5 quokkas (D:1)
  4 ball pythons
  A bat (D:1)
  2 rats (D:1)
24 creatures vanquished.

Table legend:
 A = Non-vault XP
 B = Vault XP
 C = Vault XP percentage of total XP
 D = Non-vault monster count
 E = Vault monster count
 F = Vault count percentage of total count
                 A         B        C        D         E       F
            +---------+---------+-------+---------+---------+-------
      Total |      41 |       0 |   0.0 |      24 |       0 |   0.0
            +---------+---------+-------+---------+---------+-------
        D:1 |      33 |       0 |   0.0 |      20 |       0 |   0.0
        D:2 |       8 |       0 |   0.0 |       4 |       0 |   0.0
            +---------+---------+-------+---------+---------+-------

Illustrated notes

Table legend:
 A = Kills in this place as a percentage of kills in entire the game.
 B = Kills by you in this place as a percentage of kills by you in the entire game.
 C = Kills by friends in this place as a percentage of kills by friends in the entire game.
 D = Other kills in this place as a percentage of other kills in the entire game.
 E = Experience gained in this place as a percentage of experience gained in the entire game.
 F = Experience gained in this place divided by the number of levels of this place that you have seen.
                   A       B       C       D       E      F
               +-------+-------+-------+-------+-------+----------------------
         Total | 100.0 | 100.0 |   N/A |   N/A | 100.0 |  20.5
       Dungeon | 100.0 | 100.0 |   N/A |   N/A | 100.0 |  20.5
               +-------+-------+-------+-------+-------+----------------------

Table legend: (Time is in decaauts)
 A = Elapsed time spent in this place.
 B = Non-inter-level travel time spent in this place.
 C = Inter-level travel time spent in this place.
 D = Time resting spent in this place.
 E = Time spent auto-exploring this place.
 F = Levels seen in this place.
 G = Mean time per level.
                   A        B        C        D        E       F      G
               +--------+--------+--------+--------+--------+-----+--------+
         Total |   1946 |   1867 |     79 |    554 |   1112 |   2 |  973.0 |
       Dungeon |   1946 |   1867 |     79 |    554 |   1112 |   2 |  973.0 |
               +--------+--------+--------+--------+--------+-----+--------+

Top non-repeatable levels by time:
     D:1: 1667 daAuts
     D:2: 279 daAuts
